 Dungeon Crawl Stone Soup version 0.31.0-11-ge490571c62 (webtiles) character file.

Game seed: 17877967298924286468

444 qw the Skirmisher (level 6, 0/36 HPs)
             Began as a Deep Elf Hunter on Feb 4, 2024.
             Slain by a black bear (2 damage)
             ... on level 5 of the Dungeon.
             The game lasted 00:00:13 (3492 turns).

qw the Skirmisher (Deep Elf Hunter)                 Turns: 3492, Time: 00:00:13

Health: 0/36       AC:  9    Str: 10    XL:     6   Next: 72%
Magic:  8/8        EV: 11    Int: 14    God:
Gold:   117        SH:  0    Dex: 18    Spells: 5/5 levels left

rFire   . . .        a - +1 shortbow
rCold   . . .        (shield currently unavailable)
rNeg    . . .        h - +0 ring mail
rPois   +            e - +0 helmet
rElec   .            b - +0 cloak
rCorr   .            c - +0 pair of gloves
SInv    .            g - +0 pair of boots
Will    .....        (no amulet)
Stlth   +            j - ring of poison resistance
HPRegen 0.26/turn    (no ring)
MPRegen 0.11/turn

%: no passive effects
@: no status effects
A: no striking features
a: no special abilities


You were on level 5 of the Dungeon.
You visited 1 branch of the dungeon, and saw 5 of its levels.

You collected 117 gold pieces.


   Skills:
 - Level 2.4 Fighting
 + Level 9.6 Ranged Weapons
 - Level 2.0 Armour
 - Level 2.4 Dodging
 - Level 1.2 Stealth


You had 5 spell levels left.
You didn't know any spells.
Your spell library was empty.

Inventory:

Hand Weapons
 a - a +1 shortbow (weapon)
Armour
 b - a +0 cloak (worn)
 c - a +0 pair of gloves (worn)
 e - a +0 helmet (worn)
 g - a +0 pair of boots (worn)
 h - a +0 ring mail (worn)
Jewellery
 j - a ring of poison resistance (left hand)
Wands
 f - a wand of iceblast (2)
Potions
 d - a potion of mutation {unknown}
 i - a potion of invisibility {unknown}
 l - a potion of degeneration {unknown}
 m - a potion of might {unknown}

Dungeon Overview and Level Annotations

Branches:
Dungeon (5/15)             Temple (0/1) D:5

Altars:
Ru

Shops:
D:2 (

Annotations:
D:5 1 transporter


Message History

The black bear claws you but does no damage.
The black bear completely misses you.
A gnoll comes into view. It is wielding a +0 spear.
The gnoll hits you but does no damage.
You shoot an arrow. The arrow barely misses the black bear.
The gnoll shouts!
The jackal bites you but does no damage.
The jackal closely misses you. The black bear barely misses you.
The black bear claws you but does no damage. x2
The gnoll barely misses you.
You shoot an arrow.
The arrow hits the black bear but does no damage.
The jackal bites you but does no damage.
The black bear bites you. The black bear barely misses you.
The black bear claws you but does no damage.
The gnoll completely misses you.
The jackal bites you but does no damage.
You shoot an arrow. The arrow hits the black bear!
The black bear is heavily wounded.
The jackal completely misses you.
The black bear bites you but does no damage.
The black bear misses you. The black bear completely misses you.
The gnoll barely misses you.
You shoot an arrow. The arrow hits the black bear!
The black bear is almost dead.
The jackal barely misses you.
The black bear goes berserk!
The gnoll hits you with a +0 flail. The jackal barely misses you.
3489 ||| RETREEEEATING.
The jackal barely misses you. The black bear closely misses you.
The black bear claws you.
The black bear claws you but does no damage.
3490 ||| RETREEEEATING.
You shoot an arrow. The arrow barely misses the jackal.
The arrow hits the black bear but does no damage.
The black bear is almost dead.
The jackal barely misses you.
You shoot an arrow. The arrow hits the black bear.
The black bear is almost dead.
The black bear bites you! The black bear claws you. x2
You die...

#. .##.#. ..# .. #...
.#.#..g.# ..##.##%.#
...#.....# ..#.#..# .
#...#.##..##.....# ..
.###.#....##.g#..8$.#...
..<#.###..# #..gr%......
..........###.##hg.....#
#######.#.....##h##....#
~~S#P8#.#.#...##@# #.##
...#..#.......#..# #
...+[^#^.%..#.....
..$#..#...........#
~SS#P8#............
#######.............
....................
###.................#
##..............


You could see a black bear (berserk), 2 gnolls, a quokka and a jackal.

Vanquished Creatures
  A black bear (D:4)
  A phantom (D:5)
  Blork the orc (D:4)
  A sleepcap (D:5)
  An iguana (D:4)
  2 gnolls
  5 adders
  4 dart slugs
  3 ribbon worms
  8 orcs
  6 ball pythons
  An endoplasm (D:1)
  3 giant cockroaches
  8 goblins
  7 hobgoblins
  9 jackals
  6 kobolds
  4 quokkas
  A bat (D:2)
  6 frilled lizards
  3 rats
81 creatures vanquished.

Notes
Turn   | Place    | Note
-------+----------+-------------------------------------------
     0 | D:1      | qw the Deep Elf Hunter began the quest for the Orb.
     0 | D:1      | Reached XP level 1. HP: 12/12 MP: 3/3
     0 | D:1      | 0 ||| qw: Version: 0.3-a-160-g6735b56
     0 | D:1      | 0 ||| qw: Game counter: 4791
     0 | D:1      | 0 ||| qw: Melee chars always use a shield: true
     0 | D:1      | 0 ||| qw: God list: Okawaru
     0 | D:1      | 0 ||| qw: Allow faded altars: false
     0 | D:1      | 0 ||| qw: Do Orc after clearing Dungeon:15 true
     0 | D:1      | 0 ||| qw: Do second Lair branch before Depths: true
     0 | D:1      | 0 ||| qw: Lair rune preference: random
     0 | D:1      | 0 ||| qw: Goals: Normal
     0 | D:1      | 0 ||| PLANNING D:1-11
   163 | D:1      | Reached skill level 6 in Ranged Weapons
   163 | D:1      | Reached XP level 2. HP: 16/16 MP: 4/4
   321 | D:1      | Reached XP level 3. HP: 12/20 MP: 5/5
   510 | D:1      | 510 ||| UPGRADING to +0 helmet.
   515 | D:1      | 515 ||| UPGRADING to +0 ring mail.
   525 | D:1      | 525 ||| DROPPING +0 leather armour.
   526 | D:1      | 526 ||| READING scroll labelled BIYRUF OXKI.
   627 | D:1      | 627 ||| READING scroll labelled BOEFUD FAOVA.
   627 | D:1      | 627 ||| ENCHANTING +0 shortbow.
   628 | D:1      | 628 ||| DROPPING scroll of butterflies.
   653 | D:2      | Reached skill level 7 in Ranged Weapons
   833 | D:2      | Reached XP level 4. HP: 25/25 MP: 6/6
  1499 | D:2      | Noticed a +0 bardiche
  1500 | D:2      | Found Tigerev's Weapon Shoppe.
  1501 | D:2      | Noticed a +0 great mace
  1517 | D:2      | 1517 ||| UPGRADING to ring of poison resistance.
  1518 | D:2      | 1518 ||| READING scroll labelled XILETAE ZAEDD.
  1519 | D:2      | 1519 ||| READING scroll labelled BEZAECH TUISORAZ.
  1562 | D:2      | 1562 ||| DRINKING 2 grey potions.
  1726 | D:3      | Reached skill level 8 in Ranged Weapons
  1962 | D:3      | 1962 ||| UPGRADING to +0 cloak.
  2319 | D:3      | Found a faded altar of an unknown god.
  2681 | D:3      | 2681 ||| UPGRADING to +0 pair of gloves.
  2686 | D:3      | 2686 ||| READING scroll labelled PASCHA EMIE.
  2895 | D:4      | Noticed Blork the orc
  2896 | D:4      | 2896 ||| DRINKING potion of haste.
  2902 | D:4      | Killed Blork the orc
  2903 | D:4      | Reached XP level 5. HP: 29/29 MP: 7/7
  2940 | D:4      | Found a sacrificial altar of Ru.
  3166 | D:4      | Noticed a black bear
  3167 | D:4      | 3167 ||| ZAPPING wand of iceblast (5) at -2,-4 (black bear;
                  | floor).
  3168 | D:4      | 3168 ||| ZAPPING wand of iceblast (4) at -1,-3 (black bear;
                  | floor).
  3169 | D:4      | 3169 ||| ZAPPING wand of iceblast (3) at -1,-2 (black bear;
                  | floor).
  3169 | D:4      | Killed a black bear
  3170 | D:4      | Reached skill level 9 in Ranged Weapons
  3170 | D:4      | Reached XP level 6. HP: 34/34 MP: 8/8
  3350 | D:4      | 3350 ||| UPGRADING to +0 pair of boots.
  3355 | D:4      | 3355 ||| READING scroll labelled TUNIASAYCW.
  3356 | D:4      | 3356 ||| READING scroll labelled ZASEEGEKHA.
  3356 | D:4      | 3356 ||| IDENTIFYING fizzy cyan potion
  3357 | D:4      | 3357 ||| DROPPING potion of lignification.
  3398 | D:5      | Entered Level 5 of the Dungeon
  3398 | D:5      | Found a transporter.
  3469 | D:5      | Found a staircase to the Ecumenical Temple.
  3470 | D:5      | 3470 ||| PLANNING TEMPLE
  3470 | D:5      | 3470 ||| RETREEEEATING.
  3489 | D:5      | 3489 ||| RETREEEEATING.
  3490 | D:5      | 3490 ||| RETREEEEATING.
  3492 | D:5      | HP: 3/36 [black bear (8)]
  3492 | D:5      | Slain by a black bear

Levels and vault maps discovered:
D:1:      heliophobic_arrival_enchanted_forest, layout_basic, chequers_jeans
D:2:      layout_basic, serial_shops, nicolae_shop_mannequins
D:3:      layout_loops_corners, hellmonk_ecumenical_altar_inner_sanctum,
          wad_orctagon
D:4:      layout_loops_ring, mainiacjoe_overflow_alcove_2, uniq_blork_the_orc
D:5:      gammafunk_steamed_eel, layout_rooms, minmay_temple_entry_waves,
          serial_curves, eino_curves_03, eino_curves_03

Skill      XL: |  1  2  3  4  5  6 |
---------------+-------------------+-----
Ranged Weapons | 6 7 8 9 |  9.6
Armour         | 2 |  2.0
Fighting       | 2 |  2.4
Dodging        | |  2.4
Stealth        | |  1.2

Action                     |  1- 3 |  4- 6 || total
---------------------------+-------+-------++-------
   Fire: Shortbow          |    89 |   174 ||   263
  Evoke: Wand              |       |     3 ||     3
    Use: Scroll            |     2 |     5 ||     7
         Potion            |       |     2 ||     2
 Armour: Leather armour    |    19 |       ||    19
         Ring mail         |     9 |    96 ||   105
  Dodge: Dodged            |    33 |    69 ||   102

Table legend:
 A = Non-vault XP
 B = Vault XP
 C = Vault XP percentage of total XP
 D = Non-vault monster count
 E = Vault monster count
 F = Vault count percentage of total count
                 A         B        C        D         E       F
            +---------+---------+-------+---------+---------+-------
      Total |     527 |     108 |  17.0 |      77 |       4 |   4.9
            +---------+---------+-------+---------+---------+-------
        D:1 |      60 |       0 |   0.0 |      23 |       0 |   0.0
        D:2 |      88 |       0 |   0.0 |      21 |       0 |   0.0
        D:3 |      20 |       9 |  31.0 |      12 |       3 |  20.0
        D:4 |     199 |      99 |  33.2 |      14 |       1 |   6.7
        D:5 |     160 |       0 |   0.0 |       7 |       0 |   0.0
            +---------+---------+-------+---------+---------+-------
